 Dungeon Crawl Stone Soup version 0.25-a0-578-gc91f01c39c (webtiles) character file.

Game seed: 11731885540964189425, levelgen mode: deterministic

560 Flugslaktarn the Chopper (level 7, 47/63 HPs)
             Began as a Deep Dwarf Fighter on Mar 3, 2020.
             Was an Initiate of Makhleb.
             Starved to death
             ... on level 5 of the Dungeon.
             The game lasted 00:01:02 (1482 turns).

Flugslaktarn the Chopper (Deep Dwarf Fighter)       Turns: 1482, Time: 00:01:03

Health: 47/63      AC: 10    Str: 21    XL:     7   Next: 9%
Magic:  9/9        EV:  5    Int:  9    God:    Makhleb [......]
Gold:   99         SH: 10    Dex: 12    Spells: 6/6 levels left

rFire    . . .     SeeInvis .   a - +0 war axe
rCold    . . .     Gourm    .   c - +0 kite shield
rNeg     . . .     Faith    .   g - +0 chain mail
rPois    .         Spirit   .   (no helmet)
rElec    .         Reflect  .   f - +0 cloak
rCorr    .         Harm     .   (no gloves)
MR       +....                  (no boots)
Stlth    ..........             (no amulet)
HPRegen  0.00/turn              (no ring)
MPRegen  0.11/turn              (no ring)

@: fainting, non-regenerating
A: damage resistance, heal wounds, sense surroundings 1, no regeneration
a: Heal Wounds, Renounce Religion


You were on level 5 of the Dungeon.
You worshipped Makhleb.
Makhleb was noncommittal.
You were fainting.

You visited 1 branch of the dungeon, and saw 5 of its levels.

You collected 99 gold pieces.

Inventory:

Hand Weapons
 a - a +0 war axe (weapon)
Armour
 b - a +0 scale mail
 c - a +0 kite shield (worn)
 f - a +0 cloak (worn)
   (You found it on level 1 of the Dungeon)
 g - a +0 chain mail (worn)
   (You found it on level 4 of the Dungeon)
Wands
 k - a wand of acid (13)
   (You found it on level 4 of the Dungeon)
 l - a wand of paralysis (9)
   (You found it on level 4 of the Dungeon)
 v - a wand of digging (4)
   (You found it on level 4 of the Dungeon)
Scrolls
 i - 2 scrolls of teleportation {unknown}
 m - a scroll of identify {unknown}
 n - a scroll of blinking {unknown}
Potions
 d - a potion of might
 h - a potion of haste {unknown}
 j - a potion of heal wounds {unknown}
 o - a potion of curing {unknown}


   Skills:
 + Level 3.9 Fighting
 * Level 5.3 Axes
 + Level 4.7 Armour
 + Level 4.7 Shields
 + Level 3.2 Invocations


You had 6 spell levels left.
You didn't know any spells.
Your spell library was empty.

Dungeon Overview and Level Annotations

Branches:
Dungeon (5/15)
 Temple: D:4-7

Altars:
Makhleb
Trog


Innate Abilities, Weirdness & Mutations

You are resistant to damage.
You can heal yourself by infusing magical energy.
You passively map a small area around you.
You do not regenerate.


Message History

You closely miss the hungry ghost.
The hungry ghost is severely damaged.
The hungry ghost hits you.
You feel slightly more hungry.
You slash the hungry ghost!
You destroy the hungry ghost!
Makhleb accepts your kill.
Your Invocations skill increases to level 3!
You have reached level 7!
There is a stone staircase leading down here.
You climb downwards.
There is a stone staircase leading up here.
You need to eat something NOW!
You need to eat something NOW!
Unknown command.
You need to eat something NOW!
You need to eat something NOW!
You lose consciousness!
You can move again.
You have starved to death.
You die...

, #.# #.# #,
#.# * #.* #.#
#.####.#### ,,
,...##>...## #
#.####...###
#.#..........#
#..<.@.....#.#
*
#######.#.##.#
* #.#.##.# *
#.#.##.# **
..#.##.# ,
###.##.# ** *
* #.##.# #.# ,
* * #.#


There were no monsters in sight!

Vanquished Creatures
  Grinder (D:4)
  A hungry ghost (D:4)
  3 orc priests (D:4)
  3 worker ants (D:4)
  2 hound skeletons
  A gnoll (D:1)
  2 adders
  An ooze (D:2)
  2 dart slugs
  A leopard gecko (D:4)
  4 orcs (D:4)
  4 bats
  A giant cockroach (D:2)
  A goblin (D:2)
  A frilled lizard (D:2)
  2 kobolds
  2 rats
32 creatures vanquished.

Notes
Turn   | Place    | Note
-------+----------+-------------------------------------------
     0 | D:1      | Flugslaktarn the Deep Dwarf Fighter began the quest for the
                  | Orb.
     0 | D:1      | Reached XP level 1. HP: 20/20 MP: 1/1
    87 | D:1      | Reached XP level 2. HP: 27/27 MP: 2/2
   156 | D:2      | Reached skill level 3 in Axes
   156 | D:2      | Reached XP level 3. HP: 29/33 MP: 3/3
   290 | D:3      | Found a burning altar of Makhleb.
   301 | D:3      | Became a worshipper of Makhleb the Destroyer
   404 | D:4      | Reached XP level 4. HP: 31/42 MP: 4/4
   582 | D:4      | Reached skill level 1 in Invocations
   624 | D:4      | Found a bloodstained altar of Trog.
   627 | D:4      | Noticed Grinder
   647 | D:4      | Paralysed by Grinder for 5 turns
   656 | D:4      | Killed Grinder
   656 | D:4      | Reached skill level 4 in Axes
   656 | D:4      | Reached XP level 5. HP: 42/49 MP: 4/6
   656 | D:4      | Reached XP level 6. HP: 48/56 MP: 4/7
   860 | D:4      | Reached skill level 5 in Axes
  1375 | D:5      | Entered Level 5 of the Dungeon
  1414 | D:5      | Noticed a hungry ghost
  1454 | D:4      | Killed a hungry ghost
  1454 | D:4      | Reached XP level 7. HP: 47/63 MP: 9/9
  1470 | D:5      | Paralysed by fainting for 9 turns
  1482 | D:5      | Starved to death

Levels and vault maps discovered:
D:1:      tarquinn_simple_flora_water_c, layout_basic
D:2:      layout_loops_ring, minmay_misc_feat_hallway
D:3:      layout_loops_ring, bloody_makhleb, lemuel_doored_altar, first_ration
D:4:      layout_cave_pods, bloody_trog, chequers_serial_rivers_micro_d,
          uniq_grinder
D:5:      layout_loops_ring, marbit_many_paths

Skill      XL: |  1  2  3  4  5  6 |
---------------+-------------------+-----
Axes           | 3 4 5 |  5.3
Fighting       | 3 |  3.9
Invocations    | 2 3 |  3.2
Armour         | 4 |  4.7
Shields        | 4 |  4.7

Action                   |  1- 3 |  4- 6 |  7- 9 || total
-------------------------+-------+-------+-------++-------
Melee: War axe           |    58 |    95 |       ||   153
 Abil: Heal Wounds       |     1 |     3 |       ||     4
  Eat: Ration            |       |     2 |       ||     2
       Chunk             |       |     1 |       ||     1
Armor: Scale mail        |    24 |    31 |       ||    55
       Chain mail        |       |    22 |       ||    22
Dodge: Dodged            |    33 |    26 |       ||    59
Block: Kite shield       |    25 |    39 |       ||    64

Table legend:
 A = Non-vault XP
 B = Vault XP
 C = Vault XP percentage of total XP
 D = Non-vault monster count
 E = Vault monster count
 F = Vault count percentage of total count
                 A         B        C        D         E       F
            +---------+---------+-------+---------+---------+-------
      Total |     524 |     277 |  34.6 |      31 |       1 |   3.1
            +---------+---------+-------+---------+---------+-------
        D:1 |      19 |       0 |   0.0 |       5 |       0 |   0.0
        D:2 |      30 |       0 |   0.0 |       7 |       0 |   0.0
        D:3 |       8 |       0 |   0.0 |       4 |       0 |   0.0
        D:4 |     448 |     277 |  38.2 |      14 |       1 |   6.7
        D:5 |      19 |       0 |   0.0 |       1 |       0 |   0.0
            +---------+---------+-------+---------+---------+-------
